AoeStats
← Hugo2001

Arena

510029981Analyzed
1v1 RM · 4d ago on Sep 29, 2026· 37m 21s· 2 players
Game mode
Random Map
Map size
Tiny (2 player)
Population
200
Speed
Normal
Resources
Standard
Victory
Conquest
Starting age
Dark Age
Ending age
Imperial Age
RankedLock teamsTeams togetherTeam positionsShared explorationLock speedFull tech treeHidden civsTurbo modeCheats
Victory
Defeat
🇳🇱 Mongols · Netherlands
1018
+14
🇵🇪 Khmer · Peru
968
-14
Hugo2001
11:25 Feudal Age
11:49 Loom
14:32 Castle Age
15:14 Town Watch
19:22 Double-Bit Axe
21:20 Redemption
29:12 Imperial Age
29:32 Elite Battle Elephant
31:16 Tusk Swords
32:25 Forging
33:20 Scale Barding Armor
35:29 Iron Casting
35:24 Fletching
HalidBinVelid
11:00 Feudal Age
15:41 Castle Age
14:40 Double-Bit Axe
14:50 Fletching
16:29 Loom
17:26 Bow Saw
18:27 Bodkin Arrow
20:55 Town Watch
23:18 Wheelbarrow
25:24 Padded Archer Armor
28:17 Imperial Age
27:08 Ballistics
29:04 Bloodlines
28:55 Husbandry
30:37 Chemistry
30:13 Bracer
31:59 Conscription
36:52 Scale Barding Armor
36:59 Pikeman
Connection lost

Rejoining the realm…

Still unreachable

The connection could not be restored.

Session expired

The server has moved on; the page needs a fresh start.